 Dungeon Crawl Stone Soup version 0.19.0-17-g07987d3 (webtiles) character file.

66 Larett the Sneak (level 4, -3/24 HPs)
             Began as a Gargoyle Summoner on Nov 10, 2016.
             Killed by nerve-wracking pain
             ... invoked by Grinder
              (4 damage)
             ... on level 3 of the Dungeon.
             The game lasted 00:07:03 (2199 turns).

Larett the Sneak (Gargoyle Summoner)                Turns: 2199, Time: 00:07:03

Health: -3/24      AC:  5    Str: 11    XL:     4   Next: 15%
Magic:  1/7        EV: 12    Int: 16    God:
Gold:   120        SH:  0    Dex: 11    Spells: 2 memorised, 3 levels left

rFire  . . .     SeeInvis .     a - +1 mace (protect)
rCold  . . .     Gourm    .     h - +0 robe
rNeg   + . .     Faith    .     (no shield)
rPois  ∞         Spirit   .     (no helmet)
rElec  +         Reflect  .     (no cloak)
rCorr  .         Harm     .     (no gloves)
MR     .....                    (no boots)
Stlth  +++.......               (no amulet)
                                (no ring)
                                (no ring)

@: no status effects
A: negative energy resistance 1, electricity resistance, unbreathing,
petrification resistance, rot immunity, AC +3
a: no special abilities


You were on level 3 of the Dungeon.
You were not hungry.

You visited 1 branch of the dungeon, and saw 3 of its levels.

You collected 120 gold pieces.

Inventory:

Hand Weapons
 a - a +1 mace of protection (weapon)
 f - a +0 hand axe
 i - a +0 dagger
 n - a +0 dagger
 v - a +0 hunting sling
Missiles
 l - 42 stones (quivered)
 m - 41 bolts
 p - 4 javelins
Armour
 h - a +0 robe (worn)
Scrolls
 e - a scroll of fear {unknown}
 g - 2 scrolls of fog {unknown}
 k - a scroll of immolation {unknown}
 u - a scroll of enchant armour {unknown}
Potions
 q - a potion of resistance {unknown}
 r - a potion of lignification {unknown}
 s - a potion of brilliance {unknown}
 t - a potion of agility {unknown}
Books
 b - a book of Callings

   Spells                             Type                      Level
   a - Summon Small Mammal            Summoning                    1
   b - Call Imp                       Summoning                    2
   c - Call Canine Familiar           Summoning                    3
   d - Summon Guardian Golem          Hexes/Summoning              3
   e - Summon Lightning Spire         Summoning/Air                4
   f - Summon Ice Beast               Ice/Summoning                4
Comestibles
 c - 2 bread rations
 d - 9 fruits
 o - a chunk of flesh {@w1}


   Skills:
 - Level 1.6 Dodging
 + Level 4.6 Stealth
 - Level 2.2 Spellcasting
 - Level 3.7 Summonings


You had 3 spell levels left.
You knew the following spells:

 Your Spells              Type           Power        Failure   Level  Hunger
a - Summon Small Mammal   Summ           ##..         6%          1    #......
d - Call Canine Familiar  Summ           ##......     14%         3    ###....


Dungeon Overview and Level Annotations

Branches:
Dungeon (3/15)

Altars:

Annotations:
D:3 Grinder


Innate Abilities, Weirdness & Mutations

You are resistant to torment.
Your stone body is resilient. (AC +3)
You are immune to poison.
You resist negative energy. (rN+)
You are resistant to electric shocks. (rElec)
You can survive without breathing.
You are immune to petrification.
You are immune to rotting.


Message History

r - Retreat! s - Stop attacking. g - Guard the area. f - Follow me.
Anything else - Cancel.
Gang up on whom?
Press: ? - help, Dir - move target cursor, f/p - Grinder
Aim: Grinder (heavily wounded) Attack!
Your bat hits Grinder but does no damage.
Your bat closely misses Grinder.
Grinder gestures at you.
Your bat writhes in agony!
Your bat dies!
Your bat's corpse disappears in a puff of smoke!
Grinder hits you!
* * * LOW HITPOINT WARNING * * *
You completely miss Grinder.
Grinder is heavily wounded.
Grinder gestures at you. Pain shoots through your body!
You die...

..... ..... #....
##... #...
#..######.#..
###...).r.>....
#....5#......##
#...9.#5.......
#.....#.......#
##.#####..(...#.
###..##...........
##.......##......#^
#.<.#######.......
#>..## #.### ##


You could see Grinder.

Vanquished Creatures
  An adder (D:2)
  2 leopard geckos (D:1)
  3 bats
  A giant cockroach (D:1)
  3 goblins
  A hobgoblin (D:2)
  3 kobolds
  2 quokkas
  A ball python (D:1)
  4 frilled lizards
  A rat (D:2)
22 creatures vanquished.

Vanquished Creatures (collateral kills)
  3 adders
  A worm (D:2)
  A leopard gecko (D:2)
  2 bats
  A giant cockroach (D:1)
  A goblin (D:2)
  A hobgoblin (D:3)
  2 jackals (D:2)
  2 quokkas (D:2)
  A frilled lizard (D:2)
  4 kobolds
  2 rats (D:2)
21 creatures vanquished.

Grand Total: 43 creatures vanquished

Notes
Turn   | Place    | Note
-------+----------+-------------------------------------------
     0 | D:1      | Larett the Gargoyle Summoner began the quest for the Orb.
     0 | D:1      | Reached XP level 1. HP: 10/10 MP: 3/3
   432 | D:1      | Reached XP level 2. HP: 13/15 MP: 5/5
  1275 | D:2      | Reached skill level 3 in Stealth
  1339 | D:2      | Reached XP level 3. HP: 19/19 MP: 6/6
  1605 | D:2      | Learned a level 3 spell: Call Canine Familiar
  1826 | D:2      | Reached skill level 4 in Stealth
  2163 | D:3      | Noticed Grinder
  2173 | D:3      | Reached XP level 4. HP: 9/24 MP: 0/7
  2185 | D:3      | Paralysed by Grinder for 5 turns
  2198 | D:3      | HP: 1/24 [Grinder (7)]
  2199 | D:3      | Killed from afar by Grinder

Skill      XL: |  1  2  3 |
---------------+----------+-----
Stealth        | 3 4 |  4.6
Dodging        | |  1.6
Spellcasting   | |  2.2
Summonings     | |  3.7

Action                   |  1- 3 |  4- 6 || total
-------------------------+-------+-------++-------
Melee: Unarmed           |    15 |       ||    15
       Dagger            |    32 |       ||    32
       Mace              |    67 |     5 ||    72
       Hand axe          |    10 |       ||    10
 Cast: Summon Small Mamm |    22 |     2 ||    24
       Call Canine Famil |     4 |       ||     4
  Use: Potion            |       |     1 ||     1
 Stab: Sleeping          |     2 |       ||     2
  Eat: Chunk             |     5 |       ||     5
Armor: Robe              |    87 |     4 ||    91
Dodge: Dodged            |   142 |     2 ||   144
